 Dungeon Sprint DCSS version 0.23.0-28-g6fe0f4d (webtiles) character file.

Game seed: 6102346772973978379

0 Fang the Skirmisher (level 1, -4/14 HPs)
             Began as a Gargoyle Berserker on Feb 25, 2019.
             Was a Follower of Trog.
             Slain by a merfolk
             ... wielding the +9 battleaxe "Killer Bee's Doom" {chop, *Corrode *Slow rElec rN++}
              (18 damage)
             ... in the Dungeon (Sprint V: "Ziggurat Sprint").
             The game lasted 00:01:22 (102 turns).

Fang the Skirmisher (Gargoyle Berserker)             Turns: 102, Time: 00:01:22

Health: -4/14      AC: 22    Str: 32    XL:     1   Next: 0%
Magic:  1/1        EV:  3    Int:  7    God:    Trog [*.....]
Gold:   0          SH:  0    Dex:  9    Spells: 0/0 levels left

rFire    . . .     SeeInvis .   k - +5 executioner's axe
rCold    . . .     Gourm    .   (shield currently unavailable)
rNeg     + . .     Faith    .   j - +5 crystal plate armour
rPois    ∞         Spirit   .   (no helmet)
rElec    +         Reflect  .   (no cloak)
rCorr    .         Harm     .   (no gloves)
MR       .....     NoTele   +   (no boots)
Stlth    ..........             (no amulet)
HPRegen  0.04/turn              E - +6 ring of strength
MPRegen  0.07/turn              D - +6 ring of strength

@: held
A: negative energy resistance 1, electricity resistance, unbreathing,
petrification resistance, rot immunity, AC +2
a: Berserk, Renounce Religion


You were in the Dungeon.
You worshipped Trog.
Trog was aware of your devotion.
You were not hungry.

You visited 1 branch

Inventory:

Hand Weapons
 k - a +5 executioner's axe (weapon)
Armour
 a - +5 gold dragon scales
 j - a +5 crystal plate armour (worn)
Jewellery
 D - a +6 ring of strength (right hand)
 E - a +6 ring of strength (left hand)
Wands
 w - a wand of disintegration (7)
 x - a wand of iceblast (7)
 y - a wand of acid (7)
Scrolls
 i - 4 scrolls of blinking
 l - 7 scrolls of fog
 m - a scroll of holy word
 n - 5 scrolls of identify
 o - 5 scrolls of remove curse
 p - 2 scrolls of fear
Potions
 d - 10 potions of curing
 e - 10 potions of heal wounds
 f - 6 potions of haste
 g - 7 potions of magic
 h - 3 potions of berserk rage
 q - 2 potions of brilliance
 r - 2 potions of invisibility
 s - 4 potions of resistance
 t - a potion of experience
 u - 5 potions of agility
 v - 5 potions of might
Comestibles
 c - 7 rations


   Skills:
 + Level 3.2 Fighting
 + Level 2.6 Axes
 + Level 2.1 Armour
 + Level 1.5 Dodging


You couldn't memorise any spells.
You didn't know any spells.
Your spell library was empty.

Dungeon Overview and Level Annotations

Branches:
Dungeon (1/1)

Altars:
Ashenzari
Cheibriados
Dithmenos
Elyvilon
Fedhas
Gozag
Hepliaklqana
Kikubaaqudgha
Makhleb
Nemelex Xobeh
Okawaru
Qazlal
Ru
Sif Muna
Trog
Uskayaw
Vehumet
Wu Jian
Xom
Yredelemnul
Zin
The Shining One
Beogh
Jiyva
Lugonu

Annotations:
D 1 transporter


Innate Abilities, Weirdness & Mutations

You are resistant to torment.
Your stone body is resilient. (AC +2)
You are immune to poison.
You resist negative energy. (rN+)
You are resistant to electric shocks. (rElec)
You can survive without breathing.
You are immune to petrification.
You are immune to rotting.


Message History

You enter the transporter and appear at another place. 2 merfolk come into view.
The merfolk shouts! x2
The merfolk unwields a +0 trident.
The merfolk drops a +0 trident.
The merfolk picks up a +4 whip of draining.
The merfolk wields a +4 whip of draining.
You sense an unholy aura.
The merfolk unwields a +0 trident.
The merfolk drops a +0 trident.
The merfolk picks up the +9 battleaxe "Killer Bee's Doom" {chop, *Corrode *Slow rElec rN++}.
The merfolk wields the +9 battleaxe "Killer Bee's Doom" {chop, *Corrode *Slow rElec rN++}.
Found two +0 tridents.
Found a transporter.
The merfolk throws a tomahawk.
The tomahawk closely misses you.
The merfolk throws a throwing net.
The throwing net hits you.
You become entangled in the net!
You see here a throwing net.
You tear a large gash into the net.
You struggle against the net.
The merfolk barely misses you.
The merfolk hits you with the +9 battleaxe "Killer Bee's Doom" {chop, *Corrode *Slow rElec rN++}!!
Ouch! That really hurt!
You die...

▓▓▓▓▓▓▓
▓.8©8.▓
▓.....▓
▓.).).▓
▓.mm..▓
▓..@..▓
▓..©(.▓
▓▓▓▓▓▓▓


You could see 2 merfolk.

Vanquished Creatures (others)
  2 spatial maelstroms (D)
2 creatures vanquished.

Notes
Turn   | Place    | Note
-------+----------+-------------------------------------------
     0 | D        | Found the +6 Majin-Bo {vamp, Archmagi MP+6 Int+6}
     0 | D        | Found the +7 great mace "Firestarter" {inner flame, rF++}
     0 | D        | Fang the Gargoyle Berserker began the quest for the Orb.
     0 | D        | Reached XP level 1. HP: 14/14 MP: 1/1
     3 | D        | Banished a spatial maelstrom
     5 | D        | Found a blossoming altar of Fedhas.
     6 | D        | Found a viscous altar of Jiyva.
     6 | D        | Found a hazy altar of Hepliaklqana.
     6 | D        | Found a transporter.
     6 | D        | Found an opulent altar of Gozag.
     6 | D        | Found an ancient bone altar of Kikubaaqudgha.
     6 | D        | Found a corrupted altar of Lugonu.
    16 | D        | Banished a spatial maelstrom
    20 | D        | Found a burning altar of Makhleb.
    21 | D        | Found a sacrificial altar of Ru.
    21 | D        | Found a stormy altar of Qazlal.
    21 | D        | Found a deep blue altar of Sif Muna.
    21 | D        | Found an iron altar of Okawaru.
    21 | D        | Found a bloodstained altar of Trog.
    21 | D        | Found a sparkling altar of Nemelex Xobeh.
    38 | D        | Found the +9 heavy crossbow "Sniper" {velocity, Acc+∞ SInv}
    38 | D        | Found the +10 dark maul {crush}
    38 | D        | Found the +15 Maxwell's patent armour {-Cast -Tele rElec
                  | MR+ rCorr}
    38 | D        | Found the +18 shield of the Gong {rElec rN+ MR+ EV-5}
    38 | D        | Found the cursed +14 obsidian axe {chop, +Fly SInv *Curse}
    39 | D        | Found the +6 shillelagh "Devastator" {shatter}
    39 | D        | Found the +11 plutonium sword {*Contam Stlth-}
    39 | D        | Found the +8 lance "Wyrmbane" {slay drac, rPois rF+ rC+
                  | AC+3}
    39 | D        | Found the +9 sword of Zonguldrok {reap}
    39 | D        | Found the cursed +13 scythe of Curses {drain, *Curse}
    39 | D        | Found the +0 sword of Power
    39 | D        | Found the +7 mace of Variability {chain chaos}
    39 | D        | Found the +7 Singing Sword {slice, sonic wave}
    39 | D        | Found the +7 longbow "Piercer" {penet, EV-2}
    99 | D        | Entered arena 2.
    99 | D        | Noticed a merfolk
    99 | D        | Noticed a merfolk
    99 | D        | Found a transporter.
   100 | D        | Identified the +9 battleaxe "Killer Bee's Doom" {chop,
                  | *Corrode *Slow rElec rN++}
   102 | D        | Slain by a merfolk

Action                   || total
-------------------------++-------
Dodge: Dodged            ||     2
